Map: Eternal Empire LE

Players

DLCFocesTTV - Winner!

  • Race: Zerg Zerg
  • League: Platinum
  • Spawn Location: 7:00

jcmark

  • Race: Terran Terran
  • League: Platinum
  • Spawn Location: 1:00

VOD

Have the link to the VOD?

Description

Time

  • Played on: Aug. 30, 2020, 7:34 p.m.
  • Length: 25:08
Show
View Real Time Build Order
Export as new Build Order

DLCFocesTTV Zerg - Winner!

Build Orders: Hatch First 

Get SALT Encoding   

  12  0:01  Drone  
  13  0:12  Drone  
  14  0:17  Overlord  
  14  0:36  Drone x2  
  16  0:49  Hatchery  
  15  0:52  Drone  
  16  0:57  Drone  
  16  1:02  Drone  
  18  1:11  Extractor  
  18  1:16  Spawning Pool  
  16  1:23  Drone  
  16  1:24  Drone  
  18  1:32  Drone  
  19  1:43  Overlord  
  19  2:04  Zergling x4  
  19  2:06  Queen x2  
  25  2:23  Spine Crawler  
  25  2:28  Drone  
  25  2:29  Drone x2  
  25  2:51  Zergling x4  
  27  3:05  Drone, Metabolic Boost  
  28  3:07  Zergling x2  
  28  3:08  Zergling x4  
  30  3:26  Overlord x3  
  30  3:44  Hatchery  
  29  3:48  Extractor  
  29  3:54  Roach Warren  
  27  4:03  Drone  
  27  4:04  Drone x9  
  37  4:15  Drone  
  37  4:16  Drone  
  39  4:33  Drone x3  
  39  4:35  Drone x3  
  44  4:40  Overlord x2  
  44  4:43  Drone x2  
  46  5:02  Baneling Nest  
  46  5:03  Lair  
  46  5:04  Drone  
  46  5:05  Roach  
  46  5:06  Roach x4  
  56  5:15  Queen  
  56  5:17  Drone  
  56  5:18  Drone x3  
  56  5:20  Drone  
  63  5:40  Overlord x3  
  63  5:48  Baneling x2  
  63  5:53  Spore Crawler  
  63  5:57  Spore Crawler  
  61  6:01  Spore Crawler  
  60  6:06  Centrifical Hooks  
  60  6:08  Glial Reconstitution  
  60  6:10  Roach x6  
  60  6:11  Roach x5  
  82  6:27  Drone  
  83  6:35  Drone x2, Extractor  
  83  6:36  Drone  
  83  6:37  Drone x2, Extractor  
  83  6:38  Drone x3  
  89  6:40  Overlord x3  
  89  6:41  Overlord  
  89  6:54  Zergling x2  
  90  7:09  Zergling x2  
  90  7:10  Zergling x22  
  102  7:24  Drone x2  
  102  7:27  Drone  
  102  7:29  Evolution Chamber x2  
  103  7:54  Ravager x2  
  103  7:55  Ravager x3  
  103  7:58  Roach x7  
  122  8:10  Zerg Missile Weapons Level 1  
  122  8:11  Zerg Ground Armor Level 1  
  122  8:17  Overlord x3  
  122  8:18  Overlord x3  
  122  8:28  Baneling x6  
  122  8:35  Zergling x6, Queen  
  122  8:36  Zergling x6, Overlord x2  
  130  8:42  Zergling x2  
  130  8:43  Zergling x8  
  95  9:04  Drone  
  95  9:05  Drone x8  
  104  9:24  Infestation Pit  
  103  9:31  Roach  
  103  9:32  Roach x9  
  123  9:44  Extractor  
  121  9:49  Extractor  
  118  9:56  Zergling x16  
  105  10:19  Roach  
  105  10:20  Roach x7  
  78  10:38  Roach x5  
  88  10:48  Zergling x4  
  90  10:57  Roach x4  
  90  11:02  Hatchery  
  87  11:14  Zergling x8  
  86  11:27  Roach  
  86  11:28  Roach x4  
  86  11:29  Ravager  
  86  11:30  Ravager x5  
  86  11:31  Ravager x4  
  106  11:39  Ravager  
  107  11:45  Hive  
  107  11:46  Zerg Ground Armor Level 2, Zerg Missile Weapons Level 2  
  107  11:53  Hatchery  
  106  12:09  Roach x5  
  106  12:10  Roach x3  
  122  12:15  Hatchery  
  122  12:17  Drone x4  
  125  12:23  Zergling x6  
  125  12:48  Roach x6  
  137  12:56  Hydralisk Den  
  91  13:22  Roach  
  91  13:23  Roach x9  
  91  13:26  Roach  
  106  13:27  Roach x3  
  106  13:30  Roach x4  
  96  13:59  Roach x11  
  118  14:06  Extractor  
  118  14:09  Extractor  
  116  14:13  Zerg Missile Weapons Level 3  
  116  14:14  Zerg Ground Armor Level 3  
  116  14:16  Zergling x2  
  117  14:17  Zergling x24  
  129  14:35  Roach  
  129  14:36  Roach x8  
  147  14:48  Ravager x4  
  147  14:50  Zergling x2  
  147  14:51  Zergling x14  
  159  15:21  Hydralisk  
  159  15:22  Hydralisk x10  
  181  15:30  Drone  
  181  15:32  Overlord x2  
  181  15:33  Overlord x2  
  182  15:50  Queen  
  182  15:53  Roach x8  
  161  16:27  Roach x7  
  146  16:39  Roach x9  
  160  16:40  Roach x6  
  160  16:46  Muscular Augments  
  158  16:50  Roach x4  
  166  16:57  Extractor  
  166  16:58  Extractor  
  164  17:14  Roach  
  164  17:15  Hatchery, Roach x5  
  139  17:52  Swarm Host  
  139  17:55  Roach  
  139  17:56  Roach x13  
  103  18:33  Roach  
  103  18:34  Roach x15  
  121  18:47  Drone  
  121  18:48  Drone x6  
  128  18:51  Roach x2  
  132  19:11  Hydralisk x6  
  132  19:12  Hydralisk  
  146  19:24  Roach x6  
  114  20:11  Roach x15  
  114  20:12  Roach x8  
  140  20:40  Hydralisk  
  140  20:41  Hydralisk x13  
  168  20:50  Roach  
  168  20:51  Roach x3  
  174  20:58  Roach x4  
  164  21:17  Roach x5  
  164  21:18  Roach x3  
  157  21:47  Roach  
  157  21:48  Roach x11  
  181  22:17  Hatchery  
  92  22:53  Roach  
  92  22:54  Roach x13  
  92  23:19  Extractor  
  91  23:32  Roach, Hydralisk x4  
  101  23:35  Zergling x20  
  101  23:36  Zergling x24  
  123  23:59  Hatchery  
  122  24:05  Zergling x10  
  122  24:06  Zergling x38  
  131  24:39  Roach x3  
  131  24:40  Roach x16  
  131  24:45  Roach x3  
Show
View Real Time Build Order
Export as new Build Order

jcmark Terran 

Build Orders: 2 Factory, Mech 

Get SALT Encoding   

  12  0:00  SCV  
  13  0:12  SCV  
  14  0:17  Supply Depot  
  14  0:24  SCV  
  15  0:29  Refinery  
  15  0:41  Barracks  
  15  0:46  SCV  
  16  0:58  SCV  
  17  1:10  SCV  
  18  1:22  SCV  
  19  1:31  Reaper  
  20  1:34  SCV  
  21  1:44  Command Center  
  21  1:47  SCV  
  22  1:55  Supply Depot  
  22  2:04  Bunker  
  22  2:07  SCV  
  23  2:16  Marine  
  23  2:18  Refinery  
  24  2:33  Bunker  
  24  2:34  Marine  
  24  2:53  Orbital Command, Factory  
  24  3:21  Factory  
  24  3:22  Orbital Command  
  24  3:26  SCV  
  25  3:35  Factory  
  25  3:38  SCV  
  25  3:40  Engineering Bay  
  26  3:44  Marine  
  26  3:47  SCV  
  28  3:50  SCV, Factory Tech Lab  
  29  3:59  SCV  
  29  4:02  SCV, Marine  
  32  4:08  Refinery, Widow Mine  
  34  4:11  SCV  
  34  4:15  Siege Tank  
  38  4:21  Widow Mine  
  38  4:24  Starport  
  40  4:29  Factory Tech Lab  
  40  4:35  Marine  
  41  4:40  SCV  
  41  4:42  Widow Mine  
  44  4:48  Missile Turret  
  44  4:50  Supply Depot  
  44  4:52  SCV  
  45  4:53  SCV  
  46  5:00  Refinery  
  46  5:12  SCV x2, Siege Tank x2  
  54  5:14  Missile Turret  
  54  5:23  Supply Depot  
  54  5:45  SCV x2, Medivac  
  54  5:47  Bunker  
  58  5:55  Widow Mine x2  
  62  6:03  Supply Depot  
  62  6:06  Missile Turret  
  62  6:07  SCV x2  
  64  6:12  Supply Depot  
  64  6:17  Widow Mine, Siege Tank  
  69  6:19  SCV  
  69  6:25  SCV  
  71  6:28  Missile Turret  
  71  6:31  Armory, SCV  
  72  6:35  Supply Depot  
  72  6:37  SCV  
  73  6:44  SCV  
  73  6:46  Missile Turret x2  
  74  6:49  SCV, Missile Turret  
  74  6:54  Marine  
  75  6:56  SCV  
  75  6:58  Supply Depot  
  78  7:01  SCV  
  78  7:08  SCV  
  79  7:11  Factory Tech Lab  
  79  7:13  SCV  
  80  7:16  Starport Reactor, Factory  
  80  7:17  Starport  
  80  7:20  SCV, Terran Vehicle Weapons Level 1  
  81  7:32  SCV  
  72  7:40  Thor  
  72  7:41  Thor  
  72  7:43  Terran Infantry Weapons Level 1  
  84  7:48  Armory  
  84  7:54  Thor  
  84  7:58  Starport Tech Lab  
  90  8:04  Missile Turret  
  90  8:09  Factory Reactor  
  90  8:21  Medivac, Liberator x2  
  98  8:29  Hellbat x2  
  102  8:42  Supply Depot  
  102  8:44  Marine  
  102  8:45  Hellbat  
  102  8:48  Hellbat x2  
  109  8:50  Hellbat  
  102  9:02  Marine  
  102  9:04  Raven  
  102  9:05  Hellbat  
  102  9:07  Medivac  
  102  9:09  Hellbat x2  
  112  9:12  Hellbat  
  112  9:14  Hellion x2  
  112  9:15  Hellion x2, Bunker  
  114  9:20  Marine  
  115  9:34  Hellion  
  115  9:38  Marine  
  118  9:42  Hellion  
  118  9:43  Command Center  
  118  9:53  Liberator  
  88  10:29  Thor x2  
  88  10:30  Liberator  
  88  10:33  Hellion  
  90  11:12  Cyclone  
  87  11:31  Thor  
  93  11:33  Thor  
  93  11:38  Planetary Fortress  
  96  11:41  Refinery  
  96  11:43  Medivac x2, Refinery  
  96  11:44  Viking, Cyclone  
  105  11:52  Terran Vehicle And Ship Armor Level 1  
  105  12:07  Sensor Tower  
  105  12:11  SCV x2  
  107  12:16  Thor  
  113  12:23  SCV  
  113  12:24  Thor  
  113  12:26  Liberator  
  123  12:34  Widow Mine  
  121  12:54  Sensor Tower  
  121  12:56  Widow Mine  
  108  13:17  Widow Mine  
  96  13:27  Thor x2  
  94  13:41  Hellbat  
  94  13:42  Hellbat  
  94  13:43  Medivac  
  94  13:44  Factory  
  100  13:56  Terran Vehicle Weapons Level 2  
  100  13:58  Barracks  
  100  13:59  Terran Vehicle And Ship Armor Level 2  
  100  14:03  Hellbat x2  
  100  14:04  Command Center  
  100  14:05  Marine  
  100  14:09  Thor  
  105  14:10  Thor  
  117  14:20  Refinery, Liberator x2  
  117  14:23  SCV, Marine  
  125  14:24  Hellbat x2  
  129  14:34  Refinery  
  129  14:38  SCV  
  130  14:41  Marine  
  131  14:46  Hellbat  
  133  14:57  Supply Depot  
  133  15:03  Supply Depot  
  133  15:04  Supply Depot x2  
  133  15:15  Marine, Thor  
  133  15:16  SCV x2  
  142  15:25  Planetary Fortress, Sensor Tower  
  142  15:28  SCV x2  
  144  15:29  Factory Tech Lab  
  144  15:33  Marine  
  144  15:35  Thor x2  
  157  15:37  Barracks  
  157  15:40  SCV x2  
  157  15:42  Barracks Tech Lab  
  159  15:50  Sensor Tower  
  159  15:52  SCV  
  159  16:17  Thor  
  153  16:26  Stimpack  
  153  16:29  Thor x2, Barracks Tech Lab  
  133  16:50  Marine  
  133  16:52  SCV  
  135  17:00  Thor  
  141  17:02  SCV  
  141  17:04  SCV  
  141  17:08  Marine  
  144  17:11  Thor  
  144  17:12  Thor  
  144  17:14  SCV  
  157  17:16  SCV, Supply Depot  
  157  17:17  Terran Ship Weapons Level 1, Supply Depot  
  158  17:24  Missile Turret  
  158  17:25  Marine  
  158  17:26  SCV  
  158  17:28  SCV  
  151  17:43  Marine  
  125  17:56  Command Center  
  125  17:59  Liberator x3  
  125  18:01  Marine  
  125  18:04  Hellbat x2  
  139  18:11  Refinery  
  103  18:39  Thor  
  109  18:43  Terran Vehicle And Ship Armor Level 3  
  109  18:53  Refinery  
  109  18:55  Hellbat  
  111  18:57  Medivac  
  113  19:22  Planetary Fortress, Command Center  
  113  19:34  Hellion x3  
  113  19:35  Hellion  
  123  19:38  Marauder  
  123  19:40  Marine  
  122  19:58  Marine  
  123  20:02  Command Center  
  113  20:11  Thor  
  119  20:24  Unknown  
  112  20:51  Marauder x2  
  96  21:12  Marauder x2  
  86  21:26  Siege Tank x3  
  81  21:33  Marauder x2  
  84  21:55  Marauder x2  
  84  21:58  Siege Tank x3  
  84  22:00  SCV  
  98  22:07  Marine  
  98  22:08  Sensor Tower  
  99  22:16  Marauder x2  
  103  22:25  Marine  
  104  22:30  Siege Tank  
  96  22:37  Marauder  
  88  22:57  Command Center  
  82  23:05  Command Center  
  82  23:10  Command Center  
  82  23:20  Marine, Barracks Tech Lab  
  83  23:38  SCV  
  84  23:45  Marauder  
  86  23:50  SCV  
  86  23:54  Widow Mine  
  89  23:59  Hellbat  
  89  24:02  SCV  
  92  24:03  Medivac  
  83  24:47  Supply Depot  
  83  24:49  Supply Depot  
Tags
 
Add a new tag
Caveats
  • Supply blocks, unpowered buildings, or Contaminate may cause inaccurate times.
  • Supply counts are checked every 10 seconds.